 Dungeon Crawl Stone Soup version 0.29.1-4-g47bece8355 (webtiles) character file.

Game seed: 2845987181845817340

898 KittyFluff the Cudgeller (level 8, 0/48 HPs)
             Began as a Gargoyle Berserker on Dec 1, 2022.
             Was a Believer of Trog.
             Slain by a killer bee (4 damage)
             ... on level 5 of the Dungeon.
             The game lasted 00:16:52 (4405 turns).

KittyFluff the Cudgeller (Gargoyle Berserker)       Turns: 4405, Time: 00:16:52

Health: 0/48       AC: 14    Str: 22    XL:     8   Next: 7%
Magic:  8/8        EV: 12    Int:  7    God:    Trog [**....]
Gold:   202        SH:  0    Dex: 11    Spells: 7/7 levels left

rFire   . . .      SeeInvis .   j - +4 whip
rCold   . . .      Faith    .   (no shield)
rNeg    + . .      Spirit   .   b - +0 animal skin
rPois   ∞          Reflect  .   (no helmet)
rElec   +          Harm     .   (no cloak)
rCorr   .          Rampage  .   r - +0 pair of gloves
Will    +....                   q - +0 pair of boots
Stlth   ++........              (no amulet)
HPRegen 0.16/turn               t - ring of willpower
MPRegen 0.11/turn               C - +4 ring of protection

@: on berserk cooldown, slowed, very slow
A: sickness immunity, AC +5, negative energy resistance 1, electricity
resistance, torment resistance 1, petrification resistance
a: Renounce Religion, Berserk, Trog's Hand


You were on level 5 of the Dungeon.
You worshipped Trog.
Trog was pleased with you.
You visited 1 branch of the dungeon, and saw 5 of its levels.

You collected 202 gold pieces.

Inventory:

Hand Weapons
 a - a +0 mace
 j - a +4 whip (weapon)
 n - the +4 hand axe of Affes {flame, rPois Str+3}
   (You found it on level 2 of the Dungeon)

   It burns those it strikes, dealing additional fire damage.
   Big, fiery blades are also staple armaments of hydra-hunters.
   Str:       It affects your strength (+3).
   rPois:     It protects you from poison.
 G - a +2 dire flail of protection
Missiles
 i - 11 poisoned darts
 k - 19 stones (quivered)
Armour
 b - a +0 animal skin (worn)
 c - a +0 leather armour
 q - a +0 pair of boots (worn)
 r - a +0 pair of gloves (worn)
 y - a +0 tower shield
Magical Staves
 D - a staff of air
Jewellery
 m - an amulet of magic regeneration
 t - a ring of willpower (left hand)
 C - a +4 ring of protection (right hand)
Wands
 w - a wand of light (6)
Scrolls
 f - a scroll of immolation {unknown}
 h - 2 scrolls of magic mapping {unknown}
 o - 3 scrolls of enchant weapon {unknown}
 p - 3 scrolls of blinking {unknown}
 s - 2 scrolls of vulnerability {unknown}
 B - 2 scrolls of enchant armour {unknown}
 E - a scroll of fog {unknown}
 F - a scroll of acquirement {unknown}
 H - a scroll of summoning {unknown}
Potions
 d - 3 potions of curing
 e - a potion of ambrosia
 g - 2 potions of mutation
 l - a potion of magic
 u - a potion of heal wounds {unknown}
 v - a potion of cancellation {unknown}
 x - 2 potions of invisibility {unknown}
 z - a potion of haste {unknown}
 A - a potion of degeneration {unknown}


   Skills:
 + Level 4.8 Fighting
 + Level 5.9 Maces & Flails
 + Level 0.2 Throwing
 * Level 4.6 Armour
 + Level 3.2 Dodging
 + Level 2.8 Stealth
 * Level 2.8 Shields


You had 7 spell levels left.
You didn't know any spells.
Your spell library was empty.

Dungeon Overview and Level Annotations

Branches:
Dungeon (5/15)             Temple (0/1) D:5

Altars:
Ashenzari
Nemelex Xobeh
Wu Jian

Shops:
D:4 *


Innate Abilities, Weirdness & Mutations

You are immune to sickness and miasma.
Your stone body is resilient. (AC +5)
You are immune to poison.
You resist negative energy. (rN+)
You are resistant to electric shocks. (rElec)
You are resistant to unholy torment.
You are immune to petrification.


Message History

You miss the killer bee.
The killer bee is lightly wounded.
The killer bee completely misses you. The killer bee closely misses you.
You closely miss the killer bee.
The killer bee is lightly wounded.
The killer bee stings you but does no damage.
The killer bee stings you.
* * * LOW HITPOINT WARNING * * *
The killer bee stings you but does no damage.
You miss the killer bee. The killer bee closely misses you. x2
You hit the killer bee.
The killer bee is lightly wounded.
The killer bee misses you.
The killer bee stings you but does no damage.
The killer bee closely misses you.
You barely miss the killer bee.
The killer bee is lightly wounded.
The killer bee stings you but does no damage.
The killer bee closely misses you.
You barely miss the killer bee.
The killer bee stings you but does no damage. x3
You hit the killer bee.
The killer bee is lightly wounded.
The killer bee barely misses you. x2
You whack the killer bee!
The killer bee is heavily wounded.
The killer bee stings you but does no damage.
The killer bee completely misses you.
You closely miss the killer bee.
The killer bee is heavily wounded.
The killer bee stings you but does no damage.
The killer bee stings you.
* * * LOW HITPOINT WARNING * * *
The killer bee closely misses you.
You miss the killer bee.
The killer bee is heavily wounded.
The killer bee stings you.
* * * LOW HITPOINT WARNING * * *
The killer bee stings you.
You die...

....#..........#.......#
#..
....#..........#.......#
....#.########+#.......#
#####.#..........#######
...#..#..........# .#..
...#..#..........# ....
...#..'..........#...#
####+##......##'##...#
.............#..@†...#
....>..#######..y....#
.......#....#........#
....>..#....#........#
..<....#.##.##..##+#.#
#####'#####.##..## .#
#..............# .
#..............# .
##..############


You could see a killer bee.

Vanquished Creatures
  Edmund (D:5)
  A black bear (D:2)
  2 centaurs (D:5)
  A necrophage (D:4)
  4 killer bees (D:5)
  2 orc priests (D:5)
  2 hounds (D:5)
  2 iguanas (D:5)
  An orc wizard (D:4)
  4 adders
  6 orcs
  8 ball pythons
  4 endoplasms
  2 giant cockroaches (D:4)
  7 goblins
  4 hobgoblins
  3 jackals (D:2)
  3 quokkas
  4 bats (D:2)
  4 frilled lizards
  5 kobolds
  3 rats
73 creatures vanquished.

Notes
Turn   | Place    | Note
-------+----------+-------------------------------------------
     0 | D:1      | KittyFluff the Gargoyle Berserker began the quest for the
                  | Orb.
     0 | D:1      | Reached XP level 1. HP: 14/14 MP: 1/1
    76 | D:1      | Found a faded altar of an unknown god.
   335 | D:1      | Reached XP level 2. HP: 18/19 MP: 2/2
   861 | D:2      | Identified the +4 hand axe of Affes {flame, rPois Str+3}
   865 | D:2      | Reached XP level 3. HP: 23/24 MP: 3/3
   981 | D:2      | Reached ** piety under Trog
  1174 | D:2      | Noticed a black bear
  1181 | D:2      | Killed a black bear
  1182 | D:2      | Reached skill level 4 in Maces & Flails
  1182 | D:2      | Reached skill level 1 in Stealth
  1182 | D:2      | Reached XP level 4. HP: 29/29 MP: 4/4
  1182 | D:2      | Reached XP level 5. HP: 33/33 MP: 5/5
  1911 | D:3      | Found a broken altar of Ashenzari.
  2416 | D:4      | Found Kast's General Store.
  2635 | D:4      | Reached skill level 1 in Shields
  2635 | D:4      | Reached XP level 6. HP: 25/39 MP: 6/6
  2652 | D:4      | Found a sparkling altar of Nemelex Xobeh.
  2923 | D:4      | Found an ornate altar of the Wu Jian Council.
  2989 | D:5      | Entered Level 5 of the Dungeon
  3455 | D:5      | Noticed Edmund
  3470 | D:5      | Killed Edmund
  3471 | D:5      | Reached skill level 5 in Maces & Flails
  3471 | D:5      | Reached XP level 7. HP: 9/44 MP: 7/7
  4278 | D:5      | Found a staircase to the Ecumenical Temple.
  4385 | D:5      | Reached XP level 8. HP: 19/48 MP: 8/8
  4405 | D:5      | Slain by a killer bee

Illustrated notes

Levels and vault maps discovered:
D:1:      dpeg_arrival_tiny_h, layout_basic, basic_ecumenical_altar
D:2:      layout_basic
D:3:      layout_basic, amcnicky_altar_gilded, kennysheep_decorative_pillar,
          lightli_corner_chamber
D:4:      layout_basic, nicolae_wu_jian_immortal_techniques,
          mainiacjoe_overflow_cross_hatched, serial_shops, shop
D:5:      dreamdust_elfheim, layout_gridville, mainiacjoe_overflow_chevrons,
          mainiacjoe_overflow_small_starburst, minmay_temple_entry_purple_smoke,
          uniq_edmund, uniq_blork_the_orc, uniq_sigmund

Skill      XL: |  1  2  3  4  5  6  7 |
---------------+----------------------+-----
Fighting       | 4 |  4.8
Maces & Flails | 4 5 |  5.9
Armour         | 3 4 |  4.6
Dodging        | 2 3 |  3.2
Stealth        | 1 2 |  2.8
Shields        | 1 2 |  2.8
Throwing       | |  0.2

Action                   |  1- 3 |  4- 6 |  7- 9 || total
-------------------------+-------+-------+-------++-------
Melee: Mace              |    66 |    48 |       ||   114
       Whip              |       |    73 |    78 ||   151
       Punch             |       |     2 |       ||     2
Throw: Stone             |       |     2 |     3 ||     5
Invok: Berserk           |     1 |     1 |     1 ||     3
  Use: Scroll            |     2 |     1 |     1 ||     4
 Stab: Sleeping          |       |     4 |       ||     4
Armor: Animal skin       |    29 |    44 |    57 ||   130
Dodge: Dodged            |    53 |    94 |    83 ||   230
